 Dungeon Crawl Stone Soup version 0.15.1-1-gfacfea3 (webtiles) character file.

430142 Kex the Peltast (level 22, -7/206 (209) HPs)
             Began as a Minotaur Berserker on Sept 28, 2014.
             Was the Champion of Jiyva.
             Mangled by a stone giant (23 damage)
             ... summoned by the rage of Trog
             ... on Level 2 of the Elven Halls on Sept 30, 2014.
             The game lasted 05:03:25 (57777 turns).

Kex the Peltast (Minotaur Berserker)               Turns: 57777, Time: 05:03:26

HP  -7/206 (209) AC 35     Str 33 (34) XL: 22   Next: 50%
MP  29/29        EV 15     Int  8      God: Jiyva [******]
Gold 2237        SH 20     Dex 18      Spells:  0 memorised, 21 levels left

rFire  + + .     SeeInvis +     J - +7 morningstar of Cliss {vamp, rPois SInv}
rCold  . . .     Clarity  +     k - +8 orange crystal plate armour {Archmagi, Int+3 Clar SustAb}
rNeg   . . .     rCorr    +     z - +2 shield {reflect}
rPois  +         rRot     .     (helmet restricted)
rElec  .         Spirit   .     R - +0 cloak of the Poles {rF++}
SustAb +         Warding  .     L - +0 pair of gloves of the Nexus {Dex+4 Int+1}
rMut   .         Stasis   .     g - +2 pair of boots
Gourm  +                        O - amulet of the gourmand
MR     ++...                    Z - ring "Schokh" {MR+ Int+2}
                                Y - ring of Oduzeun {MP+9 Str+4}

@: drained, very resistant to hostile enchantments, extremely unstealthy
A: retaliatory headbutt, horns 2, talons 1, camouflage 1, see invisible,
gelatinous body 2, pseudopods 1, jelly sensing items
a: Request Jelly, Jelly Paralyse, Slimify, Cure Bad Mutation, Renounce Religion
}: 3/15 runes: barnacled, silver, gossamer


You were on level 2 of the Elven Halls.
You worshipped Jiyva.
Jiyva was exalted by your worship.
You were very full.

You visited 9 branches of the dungeon, and saw 48 of its levels.
You also visited: Ice Cave.

You collected 5038 gold pieces.
You spent 2801 gold pieces at shops.

Inventory:

Hand weapons
 t - the +3 eveningstar "Lyuplota" {venom, +Inv rF+ rC+}
   (Trog gifted it to you on level 2 of the Orcish Mines)

   It poisons the flesh of those it strikes.
   It protects you from fire.
   It protects you from cold.
   It lets you turn invisible.
 x - the +9 Sword of Zonguldrok {reap, Curse}
   (You found it on level 1 of the Depths)

   If a monster killed with it leaves a corpse in good enough shape, the corpse
   will be animated as a zombie friendly to the killer.
   It may recurse itself when equipped.
 J - the +7 morningstar of Cliss (weapon) {vamp, rPois SInv}
   (You found it on level 2 of the Lair of Beasts)

   It inflicts no extra harm, but heals its wielder somewhat when it strikes a
   living foe.
   It protects you from poison.
   It enhances your eyesight.
Armour
 g - a +2 pair of boots (worn)
 k - the +8 orange crystal plate armour (worn) {Archmagi, Int+3 Clar SustAb}
   (You acquired it on level 6 of the Lair of Beasts)

   It affects your intelligence (+3).
   It sustains your strength, intelligence and dexterity.
   It protects you against confusion.
 z - a +2 shield of reflection (worn)
 L - the +0 pair of gloves of the Nexus (worn) {Dex+4 Int+1}
   (You bought it in a shop on level 14 of the Dungeon)

   It affects your intelligence (+1).
   It affects your dexterity (+4).
 R - the +0 cloak of the Poles (worn) {rF++}
   (You bought it in a shop on level 14 of the Dungeon)

   It greatly protects you from fire.
Magical devices
 o - a wand of digging (1)
 q - a wand of teleportation (8)
 y - a wand of disintegration (5)
 K - a wand of heal wounds (2)
Comestibles
 a - 9 slices of pizza
 c - 20 bread rations
 j - 8 royal jellies
 m - 35 fruits
 s - 21 meat rations
 X - 6 beef jerkies
Scrolls
 e - 2 scrolls of summoning
 f - 5 scrolls of fear
 h - 5 scrolls of teleportation
 l - 8 scrolls of remove curse
 r - 3 scrolls of magic mapping
 u - 4 scrolls of vulnerability
 v - 4 scrolls of enchant weapon
 A - a scroll of amnesia
 B - 4 scrolls of blinking
 C - 2 scrolls of silence
 F - 4 scrolls of recharging
 I - 3 scrolls of enchant armour
 P - 2 scrolls of fog
 V - 10 scrolls of identify
Jewellery
 w - an uncursed amulet of resist mutation
 H - an uncursed ring of flight
 O - an amulet of the gourmand (around neck)
 S - a cursed -2 ring of slaying
 Y - the ring of Oduzeun (left hand) {MP+9 Str+4}
   (You found it on level 5 of the Vaults)

   [ring of magical power]

   It affects your strength (+4).
   It affects your magic capacity (+9).
 Z - the ring "Schokh" (right hand) {MR+ Int+2}
   (You found it on level 2 of the Lair of Beasts)

   [ring of protection from magic]

   It affects your intelligence (+2).
   It affects your resistance to hostile enchantments.
Potions
 b - 2 potions of might
 d - 15 potions of curing
 i - a potion of brilliance
 n - 3 potions of heal wounds
 p - 2 potions of cancellation
 D - a potion of porridge
 E - a potion of restore abilities
 G - 3 potions of resistance
 M - 2 potions of agility
 N - 5 potions of flight
 Q - 3 potions of invisibility
 U - 2 potions of haste
Miscellaneous
 T - a lantern of shadows


   Skills:
 + Level 20.1(19.0) Fighting
 + Level 21.2(20.1) Maces & Flails
   Level 13.2(12.3) Polearms
 * Level 19.8(18.8) Armour
 * Level 15.1(14.2) Dodging
 + Level 21.9(20.8) Shields
 + Level 3.6(2.9) Evocations


You had 21 spell levels left.
You didn't know any spells.

Dungeon Overview and Level Annotations

Branches:
Dungeon (15/15)            Temple (1/1) D:4             Orc (4/4) D:11
    Elf (3/3) Orc:3          Lair (8/8) D:10         Shoals (5/5) Lair:3
 Spider (5/5) Lair:6        Slime (0/6) Lair:7       Vaults (5/5) D:13
  Crypt (0/3) Vaults:2     Depths (2/5) D:15

Altars:
Ashenzari
Cheibriados
Dithmenos
Elyvilon
Fedhas
Kikubaaqudgha
Makhleb
Nemelex Xobeh
Okawaru
Qazlal
Sif Muna
Trog
Vehumet
Xom
Yredelemnul
Zin
The Shining One
Beogh
Jiyva

Shops:
D:7 (   D:14 [   D:15 *   Orc:4 =(*[   Elf:2 =   Elf:3 [   Vaults:4 :
Vaults:5 *

Portals:
Hell: Depths:1 Depths:2
Pandemonium: Depths:1
Ziggurat: Depths:1
Trove: D:13 (give wand of heal wounds (8))


Innate Abilities, Weirdness & Mutations

You reflexively headbutt those who attack you in melee.
You have a pair of horns on your head.
You have sharp toenails.
Your skin changes colour to match your surroundings (Stealth).
You have supernaturally acute eyesight.
Your pliable body absorbs attacks (AC +1, EV +1).
Armour fits poorly on your pseudopods.
You have a small jelly attached to you that senses nearby items.


Message History

The two-headed ogre is lightly wounded.
You block the polar bear's attack. x3
The stone giant hits you!!!
You sock the two-headed ogre!
Your bludgeon misses the two-headed ogre.
The two-headed ogre is heavily wounded.
The polar bear bites you but does no damage.
You block the polar bear's attack. x2
You block the hill giant's attack. You block the two-headed ogre's attack.
The two-headed ogre barely misses you. The stone giant hits you!!
You impale the two-headed ogre!!
You kill the two-headed ogre!
The two-headed ogre's corpse disappears in a puff of smoke!
You block the polar bear's attack.
The polar bear claws you but does no damage.
You block the polar bear's attack.
The hill giant hits you with a giant club!!!
* * * LOW HITPOINT WARNING * * *
The stone giant hits you!!
You die...

#...>#.# ##...## #.
#.#.##.# ##.## #.
#......# ####.########
###.####
###.##.#.....## #.#
###....P...###..# #.#
#.........#####.. #.#
#h..............#
#.#####hC....>..#####.#
#....h@CT........###..#
#######Ch............##
###.....########
###.### ###


You could see an iron troll (berserk), 2 stone giants, a hill giant (berserk)
and 4 polar bears.

Vanquished Creatures
  An ancient lich (Vaults:5)
  Norris (D:13)
  A golden dragon (Vaults:5)
  Frederick (Vaults:5)
  A Brimstone Fiend (Vaults:4)
  A bone dragon (Depths:1)
  Nikola (Spider:1)
  2 tentacled monstrosities (Vaults:5)
  The ghost of letownia the Shatterer, a mighty OgWz of Okawaru (Shoals:1)
  3 deep elf blademasters (Elf:3)
  4 titans
  A lich (Depths:2)
  A deep elf master archer (Elf:3)
  2 krakens
  3 sphinxes
  4 storm dragons
  Agnes (Vaults:4)
  4 shadow dragons (Vaults:5)
  Roxanne (Shoals:3)
  3 tengu reavers (Vaults:5)
  An azure jelly (Lair:7)
  Ilsuiw (Shoals:5)
  Donald (Vaults:2)
  15 vault wardens
  2 fire giants
  6 emperor scorpions
  A balrug (Depths:1)
  4 frost giants
  2 deep elf sorcerers (Vaults:5)
  An orc warlord (Orc:4)
  4 deep elf demonologists
  11 stone giants
  6 very ugly things (Depths:1)
  A deep elf annihilator (Vaults:5)
  A lorocyproca (Elf:3)
  2 dire elephants (Depths:1)
  A very ugly thing zombie (Depths:1)
  3 merfolk javelineers (Shoals:5)
  2 minotaurs (Depths:1)
  4 ettins
  5 deep elf death magi
  4 merfolk impalers
  6 fire dragons
  11 ironheart preservers
  30 vault guards
  2 deep elf high priests
  A very ugly thing skeleton (Depths:1)
  5 great orbs of eyes
  Fannar (Lair:6)
  9 yaktaur captains
  7 hydras
  4 ogre magi
  A deep troll earth mage (Depths:1)
  7 sirens
  5 ice dragons
  Erica (Orc:4)
  8 centaur warriors
  7 merfolk aquamancers
  A deep troll shaman (Depths:1)
  An orc high priest (Orc:4)
  11 death yaks
  Urug (D:10)
  5 catoblepae
  A sun demon (Depths:1)
  A storm dragon zombie (Vaults:4)
  Nergalle (Lair:6)
  3 fire crabs
  17 deep elf knights
  8 orb spiders
  A storm dragon skeleton (Vaults:4)
  7 skeletal warriors (Vaults:2)
  15 sea snakes
  2 shadow wraiths
  The ghost of hurdos the Ruinous, an experienced DgIE (D:9)
  A putrid demonspawn (Depths:1)
  2 giant orange brains
  A flayed ghost (Vaults:4)
  An ice statue (IceCv)
  4 unseen horrors
  11 deep elf summoners
  A gelid demonspawn (Depths:1)
  11 deep elf conjurers
  A golden dragon skeleton (Depths:1)
  13 deep trolls
  A lindwurm (shapeshifter) (Vaults:4)
  A swamp dragon (shapeshifter) (Vaults:4)
  9 hill giants
  A tengu zombie (Vaults:4)
  18 ironbrand convokers
  14 orc knights
  A sphinx zombie (Vaults:1)
  4 necromancers
  3 orc sorcerers
  An oklob plant (Lair:7)
  18 harpies
  5 phantasmal warriors
  2 frost giant zombies
  2 wizards
  27 ugly things
  A stone giant zombie (Depths:1)
  A sphinx skeleton (Vaults:2)
  2 fire giant zombies (Depths:1)
  12 griffons
  24 wolf spiders
  6 red wasps
  2 moths of wrath
  9 slime creatures
  4 cyclopes
  14 manticores
  2 stone giant skeletons
  A spiny frog (shapeshifter) (Vaults:1)
  2 fire giant skeletons (Vaults:2)
  8 water nymphs
  7 human skeletons
  11 drowned souls
  2 frost giant skeletons
  An orange demon (Depths:1)
  Maurice (D:12)
  15 vault sentinels
  A water nymph (shapeshifter) (Vaults:5)
  6 mermaids
  4 gargoyles
  A tormentor (Elf:3)
  2 elephants (shapeshifter)
  10 elephants
  5 black mambas
  5 spectral swamp worms (Depths:2)
  2 torpor snails
  A queen ant (Spider:1)
  A guardian serpent (shapeshifter) (Vaults:4)
  An orange crystal statue (D:14)
  57 yaktaurs
  2 iron devils (Elf:3)
  20 spiny frogs
  An efreet (D:14)
  A smoke demon (Vaults:5)
  An emperor scorpion zombie (Depths:1)
  A hellwing (Elf:3)
  3 kobold demonologists (Vaults:3)
  7 komodo dragons
  18 demonic crawlers
  A guardian mummy (D:13)
  2 fire drakes
  A blue devil (Depths:1)
  22 polar bears
  A death yak skeleton (Depths:1)
  6 trolls
  12 deep elf priests
  An emperor scorpion skeleton (Depths:1)
  A hydra zombie (D:15)
  32 merfolk
  6 freezing wraiths
  36 jumping spiders
  A tengu conjurer (D:13)
  2 wind drakes (Shoals:5)
  A troll (shapeshifter) (Vaults:5)
  A tengu simulacrum (Vaults:4)
  6 snapping turtles
  A wind drake (shapeshifter) (D:12)
  12 two-headed ogres
  A trapdoor spider zombie (D:13)
  12 blink frogs
  3 ravens (D:13)
  A hydra skeleton (D:15)
  A boulder beetle (Vaults:1)
  2 ice dragon zombies (Depths:1)
  2 ettin zombies (Depths:1)
  4 fire dragon zombies (Depths:1)
  4 basilisks
  22 deep elf magi
  A spriggan (shapeshifter) (Elf:2)
  14 trapdoor spiders
  31 tarantellas
  50 redbacks
  A wraith (D:11)
  14 water elementals
  An ice dragon skeleton (Depths:1)
  3 wyverns
  56 yaks
  A shadow (D:12)
  15 humans (D:13)
  2 hungry ghosts
  A wyvern (shapeshifter) (Vaults:3)
  30 deep elf fighters
  2 yaktaur simulacra
  16 vampire mosquitoes
  8 hippogriffs
  An elf skeleton (D:15)
  Menkaure (D:6)
  26 wolves
  27 soldier ants
  A water moccasin (shapeshifter) (Vaults:5)
  9 wargs
  14 water moccasins
  29 orc warriors
  4 necrophages
  A mottled dragon (Vaults:2)
  4 boggarts (Vaults:3)
  37 spiders
  A swamp drake (Lair:2)
  13 porcupines
  3 phantoms
  3 black bears
  A crocodile (shapeshifter) (Elf:2)
  21 centaurs
  11 ice beasts
  A lost soul (Elf:3)
  25 ogres
  A manticore skeleton (D:13)
  A yellow wasp (D:9)
  Duvessa (D:7)
  9 crocodiles
  2 boring beetles
  8 big kobolds
  3 human zombies
  23 giant frogs
  4 yaktaur skeletons
  3 insubstantial wisps (Lair:2)
  A gnoll sergeant (D:9)
  An eye of draining (D:15)
  10 scorpions
  A cyclops skeleton (D:14)
  An elf simulacrum (Vaults:2)
  A boulder beetle zombie (Vaults:1)
  3 killer bees (D:7)
  A troll zombie (D:12)
  11 wights
  An electric eel (Lair:4)
  A shapeshifter skeleton (Depths:1)
  13 crimson imps
  2 goliath beetles
  Dowan (D:7)
  2 giant frog zombies
  6 quasits
  4 jellies
  26 orc priests
  8 hounds
  An elf zombie (D:11)
  A gnoll shaman (D:7)
  A centaur zombie (D:5)
  2 iron imps (Depths:1)
  13 iguanas
  29 orc wizards
  8 orange rats
  29 worker ants
  4 spectral orcs (Lair:6)
  A mottled dragon zombie (D:12)
  32 sheep
  Ijyb (D:3)
  A centaur simulacrum (D:9)
  20 adders
  17 gnolls
  69 green rats
  An orc skeleton (D:4)
  A scorpion zombie (D:5)
  6 shadow imps
  A worm (D:5)
  An ufetubus (Vaults:5)
  An adder zombie (D:8)
  10 giant geckos
  2 oozes
  160 orcs
  A ball python (D:3)
  7 giant cockroaches
  21 hobgoblins
  14 jackals
  21 kobolds
  17 bats
  6 giant newts
  A giant newt skeleton (D:5)
  A giant spore (D:8)
  14 goblins
  A jackal zombie (D:9)
  A kobold zombie (D:6)
  13 orc zombies
  18 quokkas
  9 rats
  A rat skeleton (D:6)
  3 ballistomycetes (D:13)
  A crawling corpse (Elf:3)
  2 fungi (Lair:7)
  15 plants
  8 tentacles
2136 creatures vanquished.

Vanquished Creatures (collateral kills)
  Jorgrun (Elf:2)
  A troll (D:9)
2 creatures vanquished.

Vanquished Creatures (others)
  A deep elf master archer (Elf:3)
  2 merfolk javelineers (Shoals:5)
  2 deep elf knights
  A deep elf conjurer (Elf:2)
  A manticore (Shoals:2)
  30 drowned souls
  3 yaktaurs
  A jumping spider (Spider:5)
  A merfolk (Shoals:4)
  A deep elf mage (Elf:2)
  A deep elf fighter (Vaults:4)
  A human (D:13)
  A wolf (IceCv)
  A centaur (Shoals:4)
  6 lost souls (Elf:3)
  An ogre (D:9)
  79 jellies
  An orc wizard (Orc:2)
  An orange rat (Elf:2)
  An ufetubus (Elf:3)
  9 orcs
  A hobgoblin (Orc:4)
  A bat (Orc:2)
  A giant spore (D:13)
  A butterfly (Shoals:1)
  A crawling corpse (Elf:3)
  4 fungi
  15 plants
  5 tentacles
  106 tentacle segments
280 creatures vanquished.

Grand Total: 2418 creatures vanquished

Notes
Turn   | Place    | Note
--------------------------------------------------------------
     0 | D:1      | Kex, the Minotaur Berserker, began the quest for the Orb.
     0 | D:1      | Reached XP level 1. HP: 19/19 MP: 1/1
   283 | D:1      | Reached skill level 4 in Fighting
   283 | D:1      | Reached XP level 2. HP: 24/27 MP: 1/1
   987 | D:1      | Acquired Trog's second power
  1113 | D:2      | Reached XP level 3. HP: 29/34 MP: 2/2
  1503 | D:2      | Found a white marble altar of Elyvilon.
  1795 | D:2      | Found a deep blue altar of Sif Muna.
  1907 | D:3      | Reached XP level 4. HP: 38/41 MP: 2/2
  2028 | D:3      | Found a shimmering altar of Xom.
  2028 | D:3      | Noticed Ijyb
  2044 | D:3      | Killed Ijyb
  2143 | D:3      | Found a snail-covered altar of Cheibriados.
  2336 | D:3      | Noticed a necrophage
  2357 | D:3      | Killed a necrophage
  2357 | D:3      | Reached skill level 5 in Fighting
  2357 | D:3      | Reached skill level 5 in Polearms
  2357 | D:3      | Reached XP level 5. HP: 34/48 MP: 2/2
  2691 | D:3      | Noticed an ogre
  2700 | D:3      | Killed an ogre
  2700 | D:3      | Reached XP level 6. HP: 49/56 MP: 3/3
  3083 | D:4      | Reached skill level 1 in Evocations
  3527 | D:4      | Reached XP level 7. HP: 59/61 MP: 4/4
  3529 | D:4      | Reached skill level 5 in Armour
  3547 | D:4      | Found a glowing golden altar of the Shining One.
  3583 | D:4      | Found a staircase to the Ecumenical Temple.
  3838 | D:5      | Entered Level 5 of the Dungeon
  3987 | D:5      | Found an iron altar of Okawaru.
  4041 | D:5      | Found a stormy altar of Qazlal.
  4041 | D:5      | Noticed a water elemental
  4049 | D:5      | Noticed an air elemental
  4049 | D:5      | Noticed a fire elemental
  4115 | D:5      | Reached skill level 6 in Polearms
  4376 | D:5      | Reached skill level 5 in Dodging
  4552 | D:5      | Reached XP level 8. HP: 61/71 MP: 4/4
  4700 | D:5      | Reached skill level 7 in Polearms
  4773 | D:6      | Acquired Trog's third power
  4805 | D:6      | Found a shattered altar of Ashenzari.
  5086 | D:6      | Received a gift from Trog
  5556 | D:6      | Found a radiant altar of Vehumet.
  5992 | D:6      | Received a gift from Trog
  6135 | D:6      | Noticed Menkaure
  6144 | D:6      | Killed Menkaure
  6274 | D:7      | Found a shimmering altar of Xom.
  6395 | D:7      | Reached XP level 9. HP: 79/79 MP: 5/5
  6537 | D:7      | Found Kloff's Antique Weapon Shop.
  6592 | D:7      | Reached skill level 8 in Armour
  7386 | D:7      | Noticed Dowan
  7387 | D:7      | Noticed Duvessa
  7403 | D:7      | Killed Duvessa
  7406 | D:7      | Killed Dowan
  7464 | D:7      | Found a basalt altar of Yredelemnul.
  8036 | D:8      | Reached skill level 9 in Polearms
  8160 | D:8      | Noticed a three-headed hydra
  8168 | D:8      | Killed a three-headed hydra
  8168 | D:8      | Reached XP level 10. HP: 91/91 MP: 5/5
  8698 | D:8      | Reached skill level 10 in Polearms
  9208 | D:9      | Reached skill level 10 in Armour
  9873 | D:9      | Reached skill level 11 in Polearms
 10081 | D:9      | Found an ancient bone altar of Kikubaaqudgha.
 10082 | D:9      | Noticed hurdos' ghost (experienced DgIE)
 10097 | D:9      | Killed hurdos' ghost
 10097 | D:9      | Reached skill level 10 in Fighting
 10097 | D:9      | Reached XP level 11. HP: 99/99 MP: 6/6
 10741 | D:10     | Entered Level 10 of the Dungeon
 10882 | D:10     | Noticed a hill giant
 10893 | D:10     | Killed a hill giant
 11002 | D:10     | Noticed a hill giant
 11019 | D:10     | Killed a hill giant
 11241 | D:10     | Noticed a hill giant
 11249 | D:10     | Killed a hill giant
 11249 | D:10     | Reached skill level 12 in Polearms
 11433 | D:10     | Noticed Urug
 11436 | D:10     | Paralysed by Urug for 5 turns
 11457 | D:10     | Killed Urug
 11457 | D:10     | Reached skill level 10 in Dodging
 11733 | D:10     | Found a staircase to the Lair.
 12268 | Lair:1   | Entered Level 1 of the Lair of Beasts
 13508 | Lair:2   | Reached skill level 13 in Polearms
 13956 | Lair:2   | Got an encrusted morningstar
 13960 | Lair:2   | Identified the cursed +7 morningstar of Cliss {vamp, rPois SInv} (You found it on level 2 of the Lair of Beasts)
 14291 | Lair:2   | Reached skill level 1 in Shields
 14295 | Lair:2   | Received a gift from Trog
 14371 | Lair:2   | Got a flickering brass ring
 14573 | Lair:3   | Reached skill level 1 in Maces & Flails
 14573 | Lair:3   | Reached XP level 12. HP: 110/110 MP: 8/8
 14581 | Lair:3   | Gained mutation: You heal slowly when monsters are visible. [potion of mutation]
 14581 | Lair:3   | Gained mutation: Your body is slowly deteriorating. [potion of mutation]
 14581 | Lair:3   | Gained mutation: You are partially covered in icy blue scales (AC +1). [potion of mutation]
 14638 | Lair:3   | Identified the ring "Schokh" {MR+ Int+2} (You found it on level 2 of the Lair of Beasts)
 14821 | Lair:3   | Found a staircase to the Shoals.
 15194 | Lair:3   | Noticed an eight-headed hydra
 15412 | Lair:3   | Killed an eight-headed hydra
 16385 | Lair:4   | Reached skill level 5 in Maces & Flails
 16396 | Lair:4   | Received a gift from Trog
 18383 | Lair:6   | Noticed a seven-headed hydra
 18391 | Lair:6   | Killed a seven-headed hydra
 18594 | Lair:6   | Reached XP level 13. HP: 112/119 MP: 8/8
 18611 | Lair:6   | Identified a scroll of acquirement
 18646 | Lair:6   | Got a warped ring mail
 18657 | Lair:6   | Identified the cursed -2 ring mail of the Blind Marksman {Dex+2 Int+2} (You found it on level 6 of the Lair of Beasts)
 18865 | Lair:6   | Reached skill level 5 in Shields
 18942 | Lair:6   | Noticed a five-headed hydra
 18948 | Lair:6   | Killed a five-headed hydra
 19136 | Lair:6   | Found a hole to the Spider Nest.
 19153 | Lair:6   | Noticed Fannar
 19169 | Lair:6   | Killed Fannar
 19296 | Lair:6   | Noticed Nergalle
 19330 | Lair:6   | Killed Nergalle
 19690 | Lair:6   | Received a gift from Trog
 19693 | Lair:6   | Got a steaming demon trident {god gift}
 19694 | Lair:6   | Identified the +7 demon trident "Enke Romn" {venom, rPois} (Trog gifted it to you on level 6 of the Lair of Beasts)
 20189 | Lair:7   | Found a viscous altar of Jiyva.
 20189 | Lair:7   | Noticed an azure jelly
 20190 | Lair:7   | Found a staircase to the Slime Pits.
 20955 | Lair:8   | Entered Level 8 of the Lair of Beasts
 21425 | Lair:8   | Received a gift from Trog
 22515 | Lair:8   | Reached XP level 14. HP: 52/130 MP: 8/8
 23283 | D:11     | Reached skill level 14 in Fighting
 23528 | D:11     | Found a staircase to the Orcish Mines.
 23889 | Orc:1    | Entered Level 1 of the Orcish Mines
 23905 | Orc:1    | Received a gift from Trog
 24391 | Orc:2    | Received a gift from Trog
 24398 | Orc:2    | Got a crude eveningstar {god gift}
 24399 | Orc:2    | Identified the +3 eveningstar "Lyuplota" {venom, +Inv rF+ rC+} (Trog gifted it to you on level 2 of the Orcish Mines)
 24471 | Orc:3    | Found a frozen archway.
 24521 | IceCv    | Entered an ice cave
 24726 | IceCv    | Reached skill level 10 in Maces & Flails
 25023 | IceCv    | Reached skill level 10 in Shields
 25519 | IceCv    | Noticed a frost giant
 25534 | IceCv    | Killed a frost giant
 26229 | Orc:3    | Found a roughly hewn altar of Beogh.
 26258 | Orc:3    | Found a staircase to the Elven Halls.
 26565 | Orc:3    | Received a gift from Trog
 26675 | Orc:3    | Found a roughly hewn altar of Beogh.
 26891 | Orc:4    | Entered Level 4 of the Orcish Mines
 27149 | Orc:4    | Noticed an orc warlord
 27172 | Orc:4    | Killed an orc warlord
 27260 | Orc:4    | Paralysed by an orc sorcerer for 2 turns
 27286 | Orc:4    | Found a roughly hewn altar of Beogh.
 27303 | Orc:4    | Found Ikautak's General Store.
 27304 | Orc:4    | Paralysed by an orc sorcerer for 6 turns
 27457 | Orc:4    | Found Doka's Antique Weapon Boutique.
 27463 | Orc:4    | Received a gift from Trog
 27552 | Orc:4    | Bought a scroll of recharging for 133 gold pieces
 27552 | Orc:4    | Bought a scroll of blinking for 105 gold pieces
 27552 | Orc:4    | Bought the +0 pair of gloves of the Griffon {Dex+5 Int-3} for 219 gold pieces
 27552 | Orc:4    | Bought a potion of might for 35 gold pieces
 27626 | Orc:4    | Noticed Erica
 27636 | Orc:4    | Killed Erica
 27674 | Orc:4    | Found Heaff's Jewellery Boutique.
 27702 | Orc:4    | Found Kalinena's Antique Armour Boutique.
 27777 | Orc:4    | Bought a distressingly furry shield for 370 gold pieces
 27777 | Orc:4    | Bought a pair of embroidered gloves for 175 gold pieces
 27788 | Orc:4    | Identified the cursed -2 shield of a treasure trove {rPois} (You bought it in a shop on level 4 of the Orcish Mines)
 28210 | Orc:4    | Reached XP level 15. HP: 133/139 MP: 10/10
 28636 | Spider:1 | Entered Level 1 of the Spider Nest
 28809 | Spider:1 | Received a gift from Trog
 29107 | Spider:1 | Noticed Nikola
 29123 | Spider:1 | Killed Nikola
 29123 | Spider:1 | Reached skill level 15 in Fighting
 29474 | Spider:2 | Received a gift from Trog
 30108 | Spider:3 | Received a gift from Trog
 30406 | Spider:3 | Reached skill level 15 in Armour
 30406 | Spider:3 | Reached XP level 16. HP: 149/149 MP: 10/15
 31043 | Spider:4 | Received a gift from Trog
 31969 | Spider:5 | Entered Level 5 of the Spider Nest
 32057 | Spider:5 | Reached XP level 17. HP: 156/156 MP: 16/16
 32247 | Spider:5 | Received a gift from Trog
 32582 | Spider:5 | Reached skill level 15 in Shields
 33337 | Spider:5 | Got a gossamer rune of Zot
 33588 | Spider:1 | Received a gift from Trog
 34140 | D:12     | Got a faintly humming robe
 34141 | D:12     | Identified the cursed -5 robe of Misfortune {-Cast Contam *Tele EV-4 Str-2 Dex-2 Int-2 Stlth-- Curse} (You found it on level 12 of the Dungeon)
 34175 | D:12     | Reached skill level 16 in Fighting
 34362 | D:12     | Noticed Maurice
 34544 | D:12     | Killed Maurice
 34792 | D:12     | Got a jewelled falchion
 34793 | D:12     | Identified the cursed +0 falchion "Klunuad" {flame, rElec rPois rF+} (You found it on level 12 of the Dungeon)
 34859 | D:13     | Found a gate to the Vaults.
 34859 | D:13     | Noticed Norris
 34896 | D:13     | Received a gift from Trog
 34930 | D:13     | Killed Norris
 35562 | D:13     | Found a portal to a secret trove of treasure.
 35691 | D:14     | Found Imif Sia's Armour Shoppe.
 35704 | D:14     | Bought the +0 pair of gloves of the Nexus {Dex+4 Int+1} for 308 gold pieces
 35704 | D:14     | Bought the +0 cloak of the Poles {rF++} for 406 gold pieces
 36240 | D:15     | Entered Level 15 of the Dungeon
 36360 | D:15     | Received a gift from Trog
 36472 | D:15     | Found Peigeb's Elemental Accessories.
 36711 | D:15     | Found a shadowy altar of Dithmenos.
 36879 | D:15     | Found a staircase to the Depths.
 36906 | Depths:1 | Entered Level 1 of the Depths
 36946 | Depths:1 | Reached skill level 15 in Maces & Flails
 37175 | Depths:1 | Found a gateway to a ziggurat.
 37177 | Depths:1 | Found a gateway to Hell.
 37206 | Depths:1 | Reached XP level 18. HP: 168/168 MP: 17/17
 37316 | Depths:1 | Reached skill level 17 in Shields
 37598 | Depths:1 | Received a gift from Trog
 38074 | Depths:1 | Noticed a bone dragon
 38103 | Depths:1 | Killed a bone dragon
 38562 | Depths:1 | Found a one-way gate leading to the halls of Pandemonium.
 38779 | Depths:2 | Reached skill level 18 in Shields
 39247 | Vaults:1 | Entered Level 1 of the Vaults
 39353 | Vaults:1 | Received a gift from Trog
 40199 | Vaults:1 | Reached XP level 19. HP: 177/177 MP: 18/18
 40628 | Vaults:2 | Got a jewelled leather armour
 40629 | Vaults:2 | Identified the +1 leather armour "Qisiol" {rN+ MR++ Stlth-} (You found it on level 2 of the Vaults)
 40747 | Vaults:2 | Received a gift from Trog
 40763 | Vaults:2 | Got a crystal mace {god gift}
 40764 | Vaults:2 | Identified the +8 mace "Ifum" {vamp, Str+2 Dex+4 Int-2} (Trog gifted it to you on level 2 of the Vaults)
 41077 | Vaults:2 | Reached skill level 19 in Shields
 41388 | Vaults:2 | Noticed Donald
 41420 | Vaults:2 | Killed Donald
 41744 | Vaults:2 | Found a staircase to the Crypt.
 42478 | Vaults:3 | Received a gift from Trog
 43710 | Vaults:4 | Received a gift from Trog
 44015 | Vaults:4 | Found Skaxziox's Book Emporium.
 44052 | Vaults:4 | Noticed Agnes
 44066 | Vaults:4 | Killed Agnes
 44156 | Vaults:4 | Reached XP level 20. HP: 185/189 MP: 18/18
 44321 | Vaults:4 | Received a gift from Trog
 44826 | Vaults:5 | Entered Level 5 of the Vaults
 45045 | Vaults:5 | Reached skill level 20 in Shields
 45060 | Vaults:5 | Gained mutation: You occasionally shout uncontrollably at your foes. [a shining eye]
 45062 | Vaults:5 | Gained mutation: You have a pair of large horns on your head. [a shining eye]
 45065 | Vaults:5 | Gained mutation: You have large cloven feet. [a shining eye]
 45069 | Vaults:4 | Gained mutation: Armour fits poorly on your strangely shaped body. [a shining eye]
 45439 | Vaults:5 | Received a gift from Trog
 45440 | Vaults:5 | Noticed a golden dragon
 45454 | Vaults:5 | Killed a golden dragon
 46884 | Vaults:5 | Noticed an ancient lich
 46894 | Vaults:5 | Killed an ancient lich
 47001 | Vaults:5 | Noticed Frederick
 47019 | Vaults:5 | Killed Frederick
 47019 | Vaults:5 | Received a gift from Trog
 47019 | Vaults:5 | Reached XP level 21. HP: 110/198 MP: 19/19
 47544 | Vaults:5 | Got a scintillating bronze ring
 47576 | Vaults:5 | Identified the ring of Oduzeun {MP+9 Str+4} (You found it on level 5 of the Vaults)
 48010 | Vaults:5 | Received a gift from Trog
 48186 | Vaults:5 | Found Oqationi's General Store.
 48193 | Vaults:5 | Bought a potion of beneficial mutation for 455 gold pieces
 48193 | Vaults:5 | Bought 2 fruits for 39 gold pieces
 48344 | Vaults:5 | Got a silver rune of Zot
 48445 | Vaults:5 | Reached skill level 21 in Shields
 48692 | Vaults:5 | Got a fine spear
 48693 | Vaults:5 | Identified the cursed +3 spear "Plafyrel" {venom, *Tele +Rage rN+ MR++} (You took it off a vault warden on level 5 of the Vaults)
 49286 | Temple   | Entered the Ecumenical Temple
 49874 | Lair:7   | Killed an azure jelly
 50035 | Lair:7   | Fell from the grace of Trog
 50035 | Lair:7   | Became a worshipper of Jiyva Jibb the Shapeless
 50307 | Lair:3   | Acquired Jiyva's first power
 50635 | Orc:1    | Acquired Jiyva's second power
 50662 | Orc:1    | Acquired Jiyva's third power
 50662 | Orc:1    | Gained mutation: Your body is partially covered in golden eyeballs (Acc +3). [Jiyva's grace]
 50751 | Orc:2    | Gained mutation: You can translocate small distances at will. [Jiyva's grace]
 50761 | Orc:2    | Acquired Jiyva's fourth power
 50792 | Orc:3    | Lost mutation: You occasionally shout uncontrollably at your foes. [Jiyva's power]
 50807 | Orc:3    | Gained mutation: You are agile. (Dex +2) [Jiyva's grace]
 50839 | Orc:3    | Gained mutation: You can spit poison. [potion of beneficial mutation]
 50867 | Orc:4    | Lost mutation: Your body is slowly deteriorating. [Jiyva's power]
 50867 | Orc:4    | Lost mutation: You can translocate small distances at will. [Jiyva's grace]
 50873 | Orc:4    | Lost mutation: You can spit poison. [Jiyva's grace]
 50874 | Orc:4    | Lost mutation: Armour fits poorly on your strangely shaped body. [Jiyva's power]
 50884 | Orc:4    | Lost mutation: You have large cloven feet. [Jiyva's grace]
 50889 | Orc:4    | Lost mutation: You heal slowly when monsters are visible. [Jiyva's power]
 50889 | Orc:4    | Lost mutation: You are partially covered in icy blue scales (AC +1). [Jiyva's grace]
 50894 | Orc:4    | Lost mutation: You have a pair of large horns on your head. [Jiyva's grace]
 51208 | Shoals:1 | Entered Level 1 of the Shoals
 51421 | Shoals:1 | Lost mutation: Your body is partially covered in golden eyeballs (Acc +3). [Jiyva's grace]
 51425 | Shoals:1 | Noticed letownia's ghost (mighty OgWz)
 51448 | Shoals:1 | Killed letownia's ghost
 51662 | Shoals:1 | Lost mutation: You are agile. (Dex +2) [Jiyva's grace]
 52011 | Shoals:2 | Gained mutation: You have a pair of large horns on your head. [Jiyva's grace]
 52201 | Shoals:2 | Found an iron altar of Okawaru.
 52799 | Shoals:3 | Noticed Roxanne
 52824 | Shoals:3 | Killed Roxanne
 52827 | Shoals:3 | Lost mutation: You have a pair of large horns on your head. [Jiyva's grace]
 53275 | Shoals:4 | Gained mutation: Your natural rate of healing is unusually fast. [Jiyva's grace]
 53363 | Shoals:4 | Gained mutation: Your skin changes colour to match your surroundings (Stealth). [Jiyva's grace]
 53538 | Shoals:4 | Gained mutation: You are frail (-10% HP). [Jiyva's grace]
 53579 | Shoals:4 | Lost mutation: You are frail (-10% HP). [Jiyva's power]
 53619 | Shoals:5 | Entered Level 5 of the Shoals
 53836 | Shoals:5 | Got a pair of dazzling gloves
 53847 | Shoals:5 | Identified the cursed -5 pair of gloves "Sumukuel" {rF+} (You found it on level 5 of the Shoals)
 53951 | Shoals:5 | Noticed Ilsuiw
 54026 | Shoals:5 | Killed Ilsuiw
 54064 | Shoals:5 | Gained mutation: Your rubbery body absorbs attacks (AC +1). [Jiyva's grace]
 54078 | Shoals:5 | Gained mutation: You have supernaturally acute eyesight. [Jiyva's grace]
 54138 | Shoals:5 | Gained mutation: You are somewhat resistant to further mutation. [Jiyva's grace]
 54223 | Shoals:5 | Lost mutation: Your natural rate of healing is unusually fast. [Jiyva's grace]
 54250 | Shoals:5 | Reached XP level 22. HP: 206/206 MP: 20/20
 54427 | Shoals:5 | Gained mutation: You have a small jelly attached to you that may absorb incoming projectiles. [Jiyva's grace]
 54483 | Shoals:5 | Gained mutation: Your body is partially covered in golden eyeballs (Acc +3). [Jiyva's grace]
 54528 | Shoals:5 | Got a barnacled rune of Zot
 54555 | Shoals:5 | Gained mutation: Armour fits poorly on your pseudopods. [Jiyva's grace]
 54978 | Elf:1    | Entered Level 1 of the Elven Halls
 54994 | Elf:1    | Found a radiant altar of Vehumet.
 55118 | Elf:1    | Lost mutation: You have a small jelly attached to you that may absorb incoming projectiles. [potion of cure mutation]
 55118 | Elf:1    | Lost mutation: You are somewhat resistant to further mutation. [potion of cure mutation]
 55118 | Elf:1    | Lost mutation: Your body is partially covered in golden eyeballs (Acc +3). [potion of cure mutation]
 55557 | Elf:1    | Gained mutation: You evolve. [Jiyva's grace]
 55648 | Elf:1    | Gained mutation: You have sharp toenails. [Jiyva's grace]
 55801 | Elf:2    | Found Etischus' Jewellery Emporium.
 55811 | Elf:2    | Bought the ring of Ghaumip {Ice rElec Slay-2 SInv} for 556 gold pieces
 55881 | Elf:2    | Noticed Jorgrun
 55896 | Elf:2    | Killed Jorgrun
 55966 | Elf:2    | Gained mutation: You have razor-sharp toenails. [evolution]
 56044 | Elf:2    | Lost mutation: You evolve. [Jiyva's grace]
 56219 | Elf:2    | Gained mutation: Your pliable body absorbs attacks (AC +1, EV +1). [Jiyva's grace]
 56260 | Elf:2    | Got a fine marble ring
 56272 | Elf:2    | Identified the ring "Muaceug" {Ice +Fly rPois Slay+3} (You took it off a deep elf knight on level 2 of the Elven Halls)
 56329 | Elf:2    | Gained mutation: Your magical capacity is low (-10% MP). [Jiyva's grace]
 56367 | Elf:2    | Lost mutation: Your magical capacity is low (-10% MP). [Jiyva's grace]
 56799 | Elf:3    | Entered Level 3 of the Elven Halls
 56821 | Elf:3    | Reached skill level 15 in Dodging
 56911 | Elf:3    | Lost mutation: You have razor-sharp toenails. [Jiyva's grace]
 56928 | Elf:3    | Found Xiheh's Armour Shop.
 57095 | Elf:3    | Gained mutation: You have a small jelly attached to you that senses nearby items. [Jiyva's grace]
 57777 | Elf:2    | Mangled by a stone giant

Action                   |  1- 3 |  4- 6 |  7- 9 | 10-12 | 13-15 | 16-18 | 19-21 | 22-24 || total
-------------------------+-------+-------+-------+-------+-------+-------+-------+-------++-------
Melee: Spear             |   119 |   149 |   743 |   723 |       |       |       |       ||  1734
       Morningstar       |       |       |       |   388 |  1545 |  1930 |  2220 |   599 ||  6682
       Demon trident     |       |       |       |       |    60 |       |       |       ||    60
Invok: Berserk           |     2 |     3 |     7 |    18 |    24 |     5 |     6 |       ||    65
       Trog's Hand       |       |       |     3 |     4 |     8 |     2 |     8 |       ||    25
       Brothers in Arms  |       |       |       |     2 |       |       |       |       ||     2
       Burn Spellbooks   |       |       |       |     1 |     1 |     4 |     2 |       ||     8
       Request Jelly     |       |       |       |       |       |       |    10 |       ||    10
       Jelly Paralyse    |       |       |       |       |       |       |     8 |    18 ||    26
       Cure Bad Mutation |       |       |       |       |       |       |     5 |       ||     5
 Abil: Evoke Flight      |       |       |       |       |       |       |     4 |       ||     4
Evoke: Wand              |       |     2 |       |     5 |    11 |       |    11 |     2 ||    31
  Use: Scroll            |     2 |       |     6 |     9 |    21 |    20 |    13 |       ||    71
       Potion            |       |       |       |    10 |     9 |     1 |    11 |     2 ||    33
 Stab: Invisible         |       |       |       |       |     2 |       |       |       ||     2
       Confused          |       |       |       |       |       |     1 |       |       ||     1
       Held in net/web   |       |       |       |       |       |       |     1 |       ||     1
       Distracted        |       |       |       |       |       |       |       |     1 ||     1
  Eat: Bread ration      |     1 |       |       |     1 |       |       |       |       ||     2
       Chunk             |     1 |     8 |    20 |    54 |    75 |    44 |    43 |       ||   245
       Beef jerky        |       |       |     1 |       |       |       |     2 |       ||     3
       Fruit             |       |       |     1 |     9 |       |       |       |       ||    10
       Meat ration       |       |       |       |     2 |       |       |       |       ||     2
